 Dungeon Crawl Stone Soup version 0.29.1-15-g9cfb28693d (webtiles) character file.

Game seed: 1436123835155718381

8888 fleeber the Skirmisher (level 11, -16/90 HPs)
             Began as a Barachi Hunter on Mar 16, 2023.
             Was an Elder of Cheibriados.
             Demolished by a boulder beetle (39 damage)
             ... on level 11 of the Dungeon.
             The game lasted 00:44:30 (11595 turns).

fleeber the Skirmisher (Barachi Hunter)            Turns: 11595, Time: 00:44:30

Health: -16/90     AC: 21    Str: 22    XL:     11   Next: 37%
Magic:  16/16      EV: 18    Int: 20    God:    Cheibriados [****..]
Gold:   535        SH:  0    Dex: 30    Spells: 10/10 levels left

rFire   . . .      SeeInvis .   a - +0 shortbow
rCold   + . .      Faith    .   (shield currently unavailable)
rNeg    . . .      Spirit   .   K - +7 Kryia's mail coat {PotionHeal*2 rC+}
rPois   .          Reflect  .   (no helmet)
rElec   .          Harm     .   k - +0 cloak
rCorr   .          Rampage  .   B - +1 pair of gloves
Will    .....                   H - +0 pair of boots
Stlth   +.........              y - amulet of magic regeneration
HPRegen 0.25/turn               w - +4 ring of slaying
MPRegen 0.55/turn               r - +4 ring of protection

@: very slow
A: amphibious, slowness 1, strong legs 1, +LOS
a: Hop, Renounce Religion, Bend Time, Temporal Distortion, Slouch


You were on level 11 of the Dungeon.
You worshipped Cheibriados.
Cheibriados was greatly pleased with you.
You visited 1 branch of the dungeon, and saw 11 of its levels.
You also visited: Sewer.

You collected 626 gold pieces.
You spent 91 gold pieces at shops.

Inventory:

Hand Weapons
 a - a +0 shortbow (weapon)
 c - the +7 falchion "Gomex" {protect, *Corrode rPois rF+}
   (You took it off a goblin on level 4 of the Dungeon)

   It grants its wielder temporary protection when it strikes (+7 to AC).
   rF:        It protects you from fire.
   rPois:     It protects you from poison.
   *Corrode:  It may corrode you when you take damage.
Armour
 k - a +0 cloak (worn)
 B - a +1 pair of gloves (worn)
 H - a +0 pair of boots (worn)
 K - the +7 Kryia's mail coat (worn) {PotionHeal*2 rC+}
   (You found it on level 10 of the Dungeon)

   Potions are twice as effective at healing its wearer.
   rC:        It protects you from cold.
Jewellery
 r - a +4 ring of protection (right hand)
 w - a +4 ring of slaying (left hand)
 y - an amulet of magic regeneration (around neck)
 C - a ring of magical power
 E - a ring of fire
Wands
 x - a wand of light (15)
 A - a wand of iceblast (1)
Scrolls
 b - a scroll of immolation
 d - 3 scrolls of enchant weapon
 e - a scroll of noise {unknown}
 h - 2 scrolls of teleportation
 l - a scroll of enchant armour {unknown}
 n - 2 scrolls of blinking
 p - a scroll of brand weapon {unknown}
 s - a scroll of fear
 u - 2 scrolls of poison {unknown}
 v - a scroll of vulnerability {unknown}
 F - 3 scrolls of magic mapping {unknown}
Potions
 g - a potion of flight {unknown}
 i - a potion of berserk rage {unknown}
 j - 2 potions of brilliance
 m - 2 potions of might
 o - 5 potions of mutation
 q - a potion of degeneration {unknown}
 t - 2 potions of magic
 z - a potion of resistance {unknown}
 D - 3 potions of haste
Miscellaneous
 G - a phial of floods
 I - a condenser vane (inert)
 J - a box of beasts


   Skills:
 + Level 9.8 Fighting
 * Level 11.8 Ranged Weapons
 + Level 8.9 Dodging
 - Level 0.8 Stealth
 + Level 6.8 Invocations


You had 10 spell levels left.
You didn't know any spells.
Your spell library contained the following spells:

 Spells                   Type           Power      Damage    Failure   Level
 Summon Small Mammal      Summ           0%         N/A       47%         1
 Ignite Poison            Fire/Tmut/Pois 0%         N/A       85%         3
 Mephitic Cloud           Conj/Pois/Air  0%         N/A       85%         3
 Stone Arrow              Conj/Erth      0%         3d7       85%         3
 Animate Armour           Summ/Erth      0%         N/A       99%         4
 Leda's Liquefaction      Hex/Erth       0%         N/A       99%         4
 Freezing Cloud           Conj/Ice/Air   0%         6-21      100%        5
 Lee's Rapid Deconstruct  Erth           0%         3d5*      100%        5
 Statue Form              Tmut/Erth      0%         N/A       100%        6
 Lehudib's Crystal Spear  Conj/Erth      0%         10d2      100%        8


Dungeon Overview and Level Annotations

Branches:
Dungeon (11/15)            Temple (0/1) D:6             Orc (0/2) D:11
  Sewer (visited)
   Lair: D:8-11

Altars:
Cheibriados
Elyvilon
Gozag
Okawaru
Ru
Vehumet

Shops:
D:3 **   D:8 [   D:9 *

Annotations:
D:3 3 runed translucent doors, exclusion: downstairs, leetdood's ghost, amateur MiFi
D:7 exclusion: downstairs
D:9 3 runed translucent doors, AverageBear's ghost, novice DsFi
D:10 Grum


Innate Abilities, Weirdness & Mutations

You are amphibious.
You cover ground slowly.
You can hop short distances.
You have an extended range of vision and can be seen from far away.


Message History

The arrow hits the boulder beetle but does no damage.
Your attack snaps the boulder beetle out of its fear.
The boulder beetle is heavily wounded.
The boulder beetle leaps!
Fire: a) +0 shortbow
Press: ? - help, Q - select action, (/) - cycle Shift-Dir - straight line, f/p - boulder beetle
Aim: a boulder beetle (heavily wounded, 93% to hit)
You shoot an arrow. The arrow hits the boulder beetle.
The boulder beetle is heavily wounded.
Fire: a) +0 shortbow
Press: ? - help, Q - select action, (/) - cycle Shift-Dir - straight line, f/p - boulder beetle
Aim: a boulder beetle (heavily wounded, 93% to hit)
You shoot an arrow. The arrow hits the boulder beetle.
The boulder beetle is severely wounded.
Fire: a) +0 shortbow
Press: ? - help, Q - select action, (/) - cycle Shift-Dir - straight line, f/p - boulder beetle
Aim: a boulder beetle (severely wounded, 93% to hit)
You shoot an arrow. The arrow hits the boulder beetle!
The boulder beetle is almost dead.
Fire: a) +0 shortbow
Press: ? - help, Q - select action, (/) - cycle Shift-Dir - straight line, f/p - boulder beetle
Aim: a boulder beetle (severely wounded, 93% to hit)
You shoot an arrow.
The arrow hits the boulder beetle but does no damage.
The boulder beetle is severely wounded.
The boulder beetle curls into a ball and begins rolling!
Fire: a) +0 shortbow
Press: ? - help, Q - select action, (/) - cycle Shift-Dir - straight line, f/p - boulder beetle
Aim: a boulder beetle (severely wounded, rolling, 93% to hit)
You shoot an arrow.
The arrow hits the boulder beetle but does no damage.
The boulder beetle is severely wounded.
Fire: a) +0 shortbow
Press: ? - help, Q - select action, (/) - cycle Shift-Dir - straight line, f/p - boulder beetle
Aim: a boulder beetle (severely wounded, rolling, 93% to hit)
You shoot an arrow.
The arrow hits the boulder beetle but does no damage.
The boulder beetle is severely wounded.
The boulder beetle hits you!!!
You die...

# #...##..# #
#...###.## #
#####...#
#..### ##.#
...##...#
##...##
####....
...##...#
###..#
......8.
...##...#
##°## .......Z
...##...#
#.°###........
#####...#
##B##........Z
#####...#
#@...8.....>.
††......#
####.........
######'##
##........ #
#..#.#
........ #
#..#.#
......8. #
#..#.#
####....
###..#.# ##.#
.....#.# #
.....#.#


You could see a boulder beetle (rolling).

Vanquished Creatures
  3 two-headed ogres (D:9)
  Pikel (D:7)
  An unseen horror (D:9)
  A kobold demonologist (D:6)
  A hornet (D:9)
  2 wyverns
  2 humans (D:8)
  A shadow (D:11)
  7 yaks
  A wraith (D:8)
  3 steam dragons
  Edmund (D:5)
  A two-headed ogre zombie (D:11)
  3 water moccasins
  An orc warrior (D:6)
  An ice beast (D:8)
  2 black bears
  2 ogres
  2 wolves (D:10)
  A lemure (D:7)
  2 centaurs (D:8)
  3 phantoms
  2 bullfrogs (D:6)
  2 scorpions
  A necrophage (D:5)
  5 wights (D:6)
  A troll zombie (D:11)
  10 killer bees
  A howler monkey (D:7)
  5 hounds
  3 jellies
  3 orc priests
  4 iguanas
  Terence (D:2)
  Natasha (thrice) (D:4)
  8 orc wizards
  3 ogre zombies (D:11)
  8 adders
  A river rat (D:5)
  A shadow imp (D:7)
  3 white imps
  3 worms
  3 dart slugs
  23 orcs
  3 ball pythons
  5 bats
  7 endoplasms
  4 giant cockroaches
  7 goblins
  4 hobgoblins
  4 quokkas
  A frilled lizard (D:1)
  3 goblin zombies (D:11)
  A hobgoblin skeleton (D:11)
  2 hobgoblin zombies (D:11)
  4 kobolds
  2 orc skeletons (D:11)
  7 orc zombies (D:11)
  3 rats
193 creatures vanquished.

Notes
Turn   | Place    | Note
-------+----------+-------------------------------------------
     0 | D:1      | fleeber the Barachi Hunter began the quest for the Orb.
     0 | D:1      | Reached XP level 1. HP: 17/17 MP: 1/1
   115 | D:1      | Reached XP level 2. HP: 23/23 MP: 2/2
   238 | D:1      | Found a faded altar of an unknown god.
   242 | D:1      | Got Plato's Guidebook on Attendants
   488 | D:2      | Reached XP level 3. HP: 29/29 MP: 3/3
   561 | D:2      | Noticed Terence
   568 | D:2      | Killed Terence
   787 | D:2      | Reached XP level 4. HP: 35/35 MP: 4/4
   965 | D:3      | Found a sacrificial altar of Ru.
  1133 | D:3      | Found a runed translucent gate.
  1133 | D:3      | Found a runed translucent gate.
  1134 | D:3      | Noticed leetdood's ghost (amateur MiFi)
  1137 | D:3      | Found a runed translucent gate.
  1196 | D:3      | Found Veqiloss's Assorted Antiques.
  1255 | D:3      | Found a snail-covered altar of Cheibriados.
  1274 | D:3      | Became a worshipper of Cheibriados the Contemplative
  1496 | D:3      | Reached skill level 5 in Ranged Weapons
  1578 | D:3      | Found Sune Jea's General Store.
  1587 | D:3      | Bought a potion of heal wounds for 65 gold pieces
  1587 | D:3      | Bought a scroll of identify for 26 gold pieces
  1779 | D:4      | Noticed a phantom
  1787 | D:4      | Killed a phantom
  1788 | D:4      | Reached skill level 1 in Invocations
  1788 | D:4      | Reached XP level 5. HP: 37/42 MP: 5/5
  1857 | D:4      | Found an opulent altar of Gozag.
  1934 | D:4      | Reached * piety under Cheibriados
  2172 | D:4      | Noticed Natasha
  2181 | D:4      | Killed Natasha
  2182 | D:4      | Reached XP level 6. HP: 26/48 MP: 6/6
  2311 | D:4      | Noticed Natasha
  2319 | D:4      | Killed Natasha
  2476 | D:4      | Identified the +7 falchion "Gomex" {protect, *Corrode rPois
                  | rF+}
  2669 | D:4      | Noticed a black bear
  2767 | D:4      | Reached skill level 6 in Ranged Weapons
  2942 | D:4      | Killed a black bear
  2943 | D:4      | Reached XP level 7. HP: 37/55 MP: 8/8
  3090 | D:4      | Noticed Natasha
  3094 | D:4      | Killed Natasha
  3416 | D:5      | Entered Level 5 of the Dungeon
  3439 | D:5      | Reached ** piety under Cheibriados
  3601 | D:5      | Found a glowing drain.
  3608 | Sewer    | Entered a sewer
  3675 | Sewer    | Reached skill level 5 in Fighting
  3989 | D:5      | Noticed Edmund
  4027 | D:5      | Killed Edmund
  4301 | D:5      | Reached skill level 7 in Ranged Weapons
  4301 | D:5      | Reached XP level 8. HP: 59/62 MP: 10/10
  4478 | D:5      | Found a white marble altar of Elyvilon.
  4601 | D:5      | Reached skill level 5 in Dodging
  5668 | D:6      | Reached skill level 8 in Ranged Weapons
  5873 | D:6      | Reached XP level 9. HP: 71/71 MP: 11/11
  5886 | D:6      | Reached *** piety under Cheibriados
  6307 | D:6      | Found a staircase to the Ecumenical Temple.
  6480 | D:6      | Noticed a kobold demonologist
  6487 | D:6      | Noticed a rust devil
  6487 | D:6      | Killed a kobold demonologist
  6488 | D:6      | Reached skill level 9 in Ranged Weapons
  7510 | D:7      | Noticed Pikel
  7669 | D:7      | Killed Pikel
  7670 | D:7      | Reached skill level 5 in Invocations
  7670 | D:7      | Reached XP level 10. HP: 80/80 MP: 13/13
  7848 | D:8      | Found an iron altar of Okawaru.
  8224 | D:9      | Found Onukh's General Store.
  8435 | D:9      | Reached skill level 10 in Ranged Weapons
  8455 | D:9      | Noticed a two-headed ogre
  8840 | D:8      | Found a radiant altar of Vehumet.
  9101 | D:8      | Found Gaitast's Antique Armour Emporium.
  9316 | D:9      | Found a runed translucent gate.
  9316 | D:9      | Found a runed translucent gate.
  9316 | D:9      | Found a runed translucent gate.
  9319 | D:9      | Noticed AverageBear's ghost (novice DsFi)
  9795 | D:8      | Reached **** piety under Cheibriados
 10103 | D:9      | Noticed a two-headed ogre
 10114 | D:9      | Killed a two-headed ogre
 10224 | D:9      | Noticed a two-headed ogre
 10232 | D:9      | Killed a two-headed ogre
 10233 | D:9      | Reached skill level 11 in Ranged Weapons
 10324 | D:9      | Reached XP level 11. HP: 68/89 MP: 15/15
 10444 | D:9      | Killed a two-headed ogre
 10840 | D:10     | Entered Level 10 of the Dungeon
 10903 | D:10     | Noticed Grum
 11156 | D:10     | Found the +7 Kryia's mail coat {PotionHeal*2 rC+}
 11499 | D:11     | Found a staircase to the Orcish Mines.
 11536 | D:11     | Noticed a boulder beetle
 11595 | D:11     | Demolished by a boulder beetle

Illustrated notes

Levels and vault maps discovered:
D:1:      dpeg_arrival_orchard, layout_rooms,
          shapermc_ecumenical_altar_rom_forum, minivault_23
D:2:      layout_basic, minmay_pentomino_r2, uniq_terence
D:3:      layout_loops_ring, nicolae_overflow_crystal_walls, slow_altar_1,
          serial_shops, nicolae_lakefront_shop, shop, gammafunk_ghost_split
D:4:      layout_basic, nicolae_gozag_cash_rules_everything_around_me,
          glass_columns_b, uniq_natasha
D:5:      layout_gridville, old_standard_altar, gup_sewer_entry_bubbles,
          uniq_edmund
D:6:      kb_forest_paths, layout_basic, minmay_misc_feat_encased,
          minmay_three_doors
D:7:      layout_gridville, uniq_pikel
D:8:      layout_loops_ring, vehumet_crystals, okawaru_humans,
          nicolae_overflow_hidden_temple, minmay_shop_grid_forest,
          kennysheep_potato
D:9:      layout_loops_cross, biasface_ghost_orc_armoury, serial_shops,
          nicolae_shop_waterfront, st_stairs_8
D:10:     layout_rooms, lightli_temple_of_fire, mainiacjoe_overflow_swirl,
          minmay_misc_feat_nine_boxes, uniq_grum
D:11:     layout_basic, david_lair_generic, zombieorc2_lemuel

Skill      XL: |  1  2  3  4  5  6  7  8  9 10 |
---------------+-------------------------------+-----
Fighting       | 3 4 5 6 7 9 |  9.8
Dodging        | 3 4 5 7 8 |  8.9
Ranged Weapons | 5 6 7 8 9 11 | 11.8
Invocations    | 1 2 3 5 6 |  6.8
Stealth        | |  0.8

Action                   |  1- 3 |  4- 6 |  7- 9 | 10-12 || total
-------------------------+-------+-------+-------+-------++-------
Melee: Shortbow          |       |       |       |     2 ||     2
 Fire: Shortbow          |    54 |   147 |   280 |   338 ||   819
Invok: Bend Time         |       |     1 |       |       ||     1
       Temporal Distorti |       |       |       |     2 ||     2
 Abil: Hop               |       |     3 |     2 |     5 ||    10
Evoke: Wand              |       |       |     7 |     6 ||    13
       Condenser vane    |       |       |       |     1 ||     1
  Use: Scroll            |       |     4 |     4 |     8 ||    16
       Potion            |       |     4 |     4 |     4 ||    12
Armor: Leather armour    |     6 |       |       |       ||     6
       Ring mail         |       |    39 |    13 |       ||    52
       Skin              |       |       |     2 |       ||     2
       Chain mail        |       |       |    86 |   181 ||   267
       Scale mail        |       |       |       |    29 ||    29
Dodge: Dodged            |    12 |    59 |   151 |   292 ||   514
